cohdb
Replays
Latest Replays
All Replays
Popular Replays
Top Player Replays
Match Explorer
How It Works
Community
CoH3 Stats
Reddit
Sign in to upload your games and track your stats! →
Sign in with Steam
Match 42906028
Unlisted
Match 42906028
Overview
Messages
Build Orders
End
Panzergrenadier Squad
Selects Panzerjäger Kommand Battlegroup
Selects Mine Fields
250 Light Carrier
Panzergrenadier Squad
Panzergrenadier Squad
Construct Light Support Kompanie
Combat Half-tracks
Fire Support Elements
Flakvierling Half-track
Pak 38 Anti-tank Gun Team
Panzerjäger Mechanized Group
Selects Tank Busters
Selects Crew Shock Tactics
Crew Shock Tactics
2.5-tonne Medical Truck
Selects Defensive Positions
Veteran Squad Leaders
Construct Panzerarmee Kommand
Panzer III L Medium Tank
Panzer III L Medium Tank
Emergency Repair Kits
Vehicle Survival Package
Selects Anti-tank Overwatch
Rapid Advance
Valar[M]orgHulis
PaNzEr FaUsTiK
UArNext
Y
Edgar✪
pkdel
I7arK_HeRo
BloodBucket11
0
0
Comments
sign in to comment!
No comments posted yet!